 Dungeon Crawl Stone Soup version 0.31-a0-175-g9f7f995f2b (webtiles) character file.

Game seed: 16887987406270996145

9804 TittyCrusher the Destroyer (level 11, -1/54 HPs)
             Began as a Deep Elf Fire Elementalist on June 17, 2023.
             Was a Priest of Vehumet.
             Slain by an eight-headed hydra (9 damage)
             ... on level 2 of the Lair of Beasts.
             The game lasted 00:54:42 (10361 turns).

TittyCrusher the Destroyer (DEFE)                  Turns: 10361, Time: 00:54:43

Health: -1/54      AC: 11    Str:  5    XL:     11   Next: 27%
Magic:  25/25      EV: 19    Int: 31    God:    Vehumet [***...]
Gold:   771        SH:  0    Dex: 15    Spells: 2/26 levels left

rFire   . . .        a - +0 flail (protect)
rCold   . . .        (no shield)
rNeg    . . .        G - +2 leather armour {rPois}
rPois   +            l - +2 helmet
rElec   .            E - +2 cloak
rCorr   .            (no gloves)
SInv    .            (no boots)
Will    +....        (no amulet)
Stlth   +            U - +6 ring of intelligence
HPRegen 0.29/turn    q - +5 ring of evasion
MPRegen 0.19/turn

%: no passive effects
@: silenced, on berserk cooldown, hasted and slowed
A: no striking features
a: Renounce Religion


You were on level 2 of the Lair of Beasts.
You worshipped Vehumet.
Vehumet was most pleased with you.
You visited 3 branches of the dungeon, and saw 13 of its levels.
You also visited: Bailey.

You collected 771 gold pieces.

Inventory:

Hand Weapons
 a - a +0 flail of protection (weapon)
 b - a +5 spectral rapier
 m - a +2 dagger of draining
 w - a +1 short sword of venom
 Q - a +0 sling
Missiles
 g - 57 stones (quivered)
 s - 4 curare-tipped darts
 u - 34 poisoned darts
 x - 6 atropa-tipped darts
Armour
 c - a +0 robe
 k - a +2 robe of cold resistance
 l - a +2 helmet (worn)
 E - a +2 cloak (worn)
 G - a +2 leather armour of poison resistance (worn)
Magical Staves
 C - a staff of air
Jewellery
 i - a ring of flight
 q - a +5 ring of evasion (right hand)
 r - a ring of magical power
 D - a ring of magical power
 T - a ring of willpower
 U - a +6 ring of intelligence (left hand)
Wands
 j - a wand of polymorph (3)
 R - a wand of roots (9)
 V - a wand of flame (4)
Scrolls
 e - 4 scrolls of immolation
 f - a scroll of blinking
 o - 6 scrolls of teleportation
 p - a scroll of vulnerability
 B - 3 scrolls of fear
 F - a scroll of fog
 H - a scroll of amnesia
 M - a scroll of brand weapon
 O - 2 scrolls of summoning
Potions
 d - 2 potions of magic
 h - 4 potions of heal wounds
 n - 2 potions of attraction
 t - a potion of invisibility
 v - a potion of berserk rage
 z - a potion of enlightenment {unknown}
 A - 2 potions of curing
 I - 2 potions of brilliance
 J - 2 potions of cancellation {unknown}
 K - a potion of might {unknown}
 P - a potion of lignification


   Skills:
 - Level 6.9 Dodging
 - Level 2.4 Stealth
 - Level 8.1 Spellcasting
 - Level 10.6 Conjurations
 - Level 10.4 Hexes
 - Level 3.1 Translocations
 - Level 9.4 Fire Magic
 + Level 5.1 Ice Magic


You had 2 spell levels left.
You knew the following spells:

 Your Spells              Type           Power      Damage    Failure   Level
b - Scorch                Fire           100%       2d9       1%          2
c - Volatile Blastmotes   Fire/Tloc      100%       2d18      1%          3
d - Flame Wave            Conj/Fire      66%        2d15      1%          4
e - Blink                 Tloc           64%        N/A       2%          2
f - Inner Flame           Hex/Fire       65%        N/A       1%          3
g - Fulminant Prism       Conj/Hex       33%        3d16      1%          4
h - Stone Arrow           Conj/Erth      90%        3d12      1%          3
i - Frozen Ramparts       Ice            88%        1d14      1%          3

Your spell library contained the following spells:

 Spells                   Type           Power      Damage    Failure   Level
 Foxfire                  Conj/Fire      100%       2x1d9     1%          1
 Magic Dart               Conj           100%       1d8       1%          1
 Momentum Strike          Conj/Tloc      100%       3d10      1%          2
 Searing Ray              Conj           100%       2d8       1%          2
 Lesser Beckoning         Tloc           64%        N/A       2%          2
 Summon Small Mammal      Summ           48%        N/A       7%          1
 Ozocubu's Armour         Ice            44%        N/A       2%          3
 Summon Mana Viper        Hex/Summ       44%        N/A       22%         5
 Animate Dead             Necr           12%        N/A       54%         4
 Summon Forest            Summ/Tloc      11%        N/A       67%         5
 Ozocubu's Refrigeration  Ice            22%        4d12      82%         7
 Borgnjor's Vile Clutch   Necr/Erth      6%         N/A       88%         5
 Death Channel            Necr           6%         N/A       100%        6
 Summon Cactus Giant      Summ           6%         N/A       100%        6
 Storm Form               Tmut/Air       6%         N/A       100%        7
 Maxwell's Capacitive Co  Air            6%         ∞         100%        8


Dungeon Overview and Level Annotations

Branches:
Dungeon (10/15)            Temple (1/1) D:4            Lair (1/5) D:10
 Bailey (visited)
    Orc: D:9-12

Altars:
Ashenzari
Cheibriados
Dithmenos
Elyvilon
Fedhas
Gozag
Hepliaklqana
Kikubaaqudgha
Nemelex Xobeh
Okawaru
Qazlal
Ru
Sif Muna
Trog
Uskayaw
Vehumet
Wu Jian
Xom
Yredelemnul
Zin
The Shining One

Shops:
D:10 ?

Annotations:
D:6 1 runed translucent door, Crazy Yiuf
D:10 exclusions: centaur warrior, howler monkey and troll


Message History

Press: ? - help, Shift-Dir - straight line, f - eight-headed hydra
Aim: an eight-headed hydra (silenced, lightly wounded)
The roots erupt in riotous growth!
Roots grab the eight-headed hydra.
The grasping roots constrict the eight-headed hydra!
The eight-headed hydra struggles to escape constriction.
Unknown command.
The grasping roots constrict the eight-headed hydra.
The eight-headed hydra struggles to escape constriction.
The grasping roots constrict the eight-headed hydra!
The roots release their grip on the eight-headed hydra.
Aiming: Fastroot
Press: ? - help, Shift-Dir - straight line, f/p - eight-headed hydra
Aim: an eight-headed hydra (silenced, moderately wounded)
The roots erupt in riotous growth!
Roots grab the eight-headed hydra.
The grasping roots constrict the eight-headed hydra!
The eight-headed hydra barely misses you.
The eight-headed hydra closely misses you.
The eight-headed hydra bites you but does no damage.
The eight-headed hydra misses you.
The eight-headed hydra barely misses you.
The eight-headed hydra bites you. x2; The eight-headed hydra bites you!
Unknown command.
Unknown command.
The grasping roots constrict the eight-headed hydra.
The eight-headed hydra escapes!
Aiming: Fastroot
Press: ? - help, Shift-Dir - straight line, f/p - eight-headed hydra
Aim: an eight-headed hydra (silenced, heavily wounded)
The roots erupt in riotous growth!
Roots grab the eight-headed hydra.
The grasping roots constrict the eight-headed hydra.
The eight-headed hydra bites you. x3
* * * LOW HITPOINT WARNING * * *
The eight-headed hydra closely misses you.
The eight-headed hydra bites you!
* * * LOW HITPOINT WARNING * * *
The eight-headed hydra bites you!
You die...

.........
..#.......
..#.....P.
.........
..........
..........#
#.........#
#........@##
#........D.#
#.........##
#..........#
#.........## #
#..........#
.#.######........##
.....#.#...†.....#
................##


You could see an eight-headed hydra (rooted).

Vanquished Creatures
  Pikel (D:8)
  2 orc knights (Bailey)
  A black mamba (Lair:1)
  A gargoyle (D:9)
  A troll (D:9)
  A hornet (D:8)
  Sigmund (D:2)
  2 wyverns
  16 yaks
  A steam dragon (D:9)
  An acid dragon (D:9)
  4 water moccasins
  A black bear (Lair:1)
  4 ice beasts
  11 orc warriors
  3 centaurs
  2 ogres
  A lemure (D:7)
  2 kobold brigands
  7 bullfrogs
  A scorpion (D:3)
  9 killer bees
  4 howler monkeys (D:8)
  2 hounds
  3 jellies
  3 orc priests
  2 gnoll boudas
  3 iguanas
  A sleepcap (D:5)
  Terence (D:2)
  4 orc wizards
  A mummy (D:6)
  Robin (D:2)
  14 gnolls
  8 adders
  A white imp (D:3)
  An ufetubus (D:6)
  2 worms
  5 dart slugs
  50 orcs
  7 ball pythons
  6 endoplasms
  A giant cockroach (D:1)
  15 goblins
  7 hobgoblins
  5 jackals
  15 kobolds
  3 quokkas
  9 bats
  5 frilled lizards
  8 rats
  A butterfly (D:4)
261 creatures vanquished.

Vanquished Creatures (others)
  555 foxfires
  17 fulminant prisms
572 creatures vanquished.

Grand Total: 833 creatures vanquished

Notes
Turn   | Place    | Note
-------+----------+-------------------------------------------
     0 | D:1      | TittyCrusher the Deep Elf Fire Elementalist began the quest
                  | for the Orb.
     0 | D:1      | Reached XP level 1. HP: 10/10 MP: 6/6
   107 | D:1      | Reached XP level 2. HP: 15/15 MP: 3/9
   359 | D:1      | Learned a level 2 spell: Scorch
   624 | D:1      | Reached XP level 3. HP: 19/19 MP: 8/11
   628 | D:1      | Learned a level 3 spell: Volatile Blastmotes
  1301 | D:2      | Noticed Sigmund
  1311 | D:2      | Killed Sigmund
  1312 | D:2      | Reached skill level 5 in Fire Magic
  1312 | D:2      | Reached XP level 4. HP: 24/24 MP: 3/12
  1312 | D:2      | Reached XP level 5. HP: 28/28 MP: 3/14
  1450 | D:2      | Noticed Robin
  1456 | D:2      | Killed Robin
  1680 | D:2      | Noticed Terence
  1895 | D:2      | Killed Terence
  2171 | D:2      | Reached XP level 6. HP: 32/32 MP: 12/15
  2942 | D:3      | Found an ornate altar of the Wu Jian Council.
  3699 | D:3      | Found a bloodstained altar of Trog.
  3711 | D:3      | Found a shimmering blue altar of Sif Muna.
  3727 | D:3      | Got Sif Muna's Essays on Convocation
  3893 | D:3      | Found a glowing silver altar of Zin.
  4031 | D:4      | You are sucked into a shaft and drop 1 floor!
  4031 | D:5      | Entered Level 5 of the Dungeon
  4053 | D:4      | Reached XP level 7. HP: 36/36 MP: 6/16
  4212 | D:4      | Found a blossoming altar of Fedhas.
  4414 | D:4      | Found a staircase to the Ecumenical Temple.
  4421 | Temple   | Entered the Ecumenical Temple
  4561 | Temple   | Became a worshipper of Vehumet
  4601 | D:4      | Found a sacrificial altar of Ru.
  5028 | D:5      | Learned a level 4 spell: Flame Wave
  5189 | D:6      | Reached XP level 8. HP: 41/41 MP: 17/17
  5234 | D:6      | Found a snail-covered altar of Cheibriados.
  5494 | D:6      | Reached skill level 5 in Conjurations
  5682 | D:6      | Found a runed translucent door.
  5683 | D:6      | Noticed Crazy Yiuf
  5813 | D:6      | Reached * piety under Vehumet
  5813 | D:6      | Offered knowledge of Shock by Vehumet.
  6251 | D:7      | Learned a level 2 spell: Blink
  6330 | D:7      | Found a flagged portal.
  6340 | Bailey   | Entered a bailey
  6383 | Bailey   | Learned a level 3 spell: Inner Flame
  6476 | Bailey   | Reached XP level 9. HP: 45/45 MP: 4/18
  6498 | Bailey   | Reached skill level 5 in Spellcasting
  6650 | Bailey   | Learned a level 4 spell: Fulminant Prism
  6652 | Bailey   | Noticed an orc knight
  6652 | Bailey   | Noticed an orc knight
  6687 | Bailey   | Killed an orc knight
  6688 | Bailey   | Reached skill level 5 in Hexes
  6721 | Bailey   | Reached ** piety under Vehumet
  6721 | Bailey   | Offered knowledge of Sandblast by Vehumet.
  6726 | Bailey   | Killed an orc knight
  7446 | D:7      | Reached skill level 5 in Dodging
  7446 | D:7      | Reached XP level 10. HP: 40/50 MP: 11/20
  8296 | D:8      | Found an iron altar of Okawaru.
  8350 | D:8      | Noticed Pikel
  8361 | D:8      | Killed Pikel
  8362 | D:8      | Reached skill level 10 in Conjurations
  8362 | D:8      | Reached skill level 10 in Hexes
  8396 | D:8      | Offered knowledge of Stone Arrow by Vehumet.
  8549 | D:8      | Reached *** piety under Vehumet
  8599 | D:8      | Found an opulent altar of Gozag.
  9352 | D:9      | Noticed a gargoyle
  9355 | D:9      | Killed a gargoyle
  9356 | D:9      | Reached XP level 11. HP: 30/54 MP: 25/25
  9443 | D:9      | Learned a level 3 spell: Stone Arrow
  9524 | D:9      | Offered knowledge of Frozen Ramparts by Vehumet.
  9549 | D:9      | Learned a level 3 spell: Frozen Ramparts
  9567 | D:10     | Entered Level 10 of the Dungeon
  9595 | D:10     | Found a staircase to the Lair.
  9729 | D:10     | Reached skill level 1 in Ice Magic
  9835 | D:10     | Noticed a two-headed ogre
  9976 | D:10     | Noticed a centaur warrior
 10056 | D:10     | Found Vih Non's Magic Scroll Boutique.
 10065 | Lair:1   | Entered Level 1 of the Lair of Beasts
 10312 | Lair:1   | Reached skill level 5 in Ice Magic
 10333 | Lair:1   | You fall into a shaft and drop 1 floor!
 10340 | Lair:2   | Noticed an eight-headed hydra
 10361 | Lair:2   | Slain by an eight-headed hydra

Illustrated notes

Levels and vault maps discovered:
D:1:      noname_arrival_rooms_in_the_neighbourhood, layout_basic
D:2:      layout_loops_ring, corexii_item_surrounded_by_moat,
          lemuel_flame_loot_1, uniq_robin, uniq_sigmund, uniq_terence
D:3:      layout_basic, nzn_overflow_gifts_of_might_and_magic,
          mainiacjoe_overflow_tiny_flanked, amcnicky_altar_gilded,
          minmay_misc_feat_iff, kennysheep_potato
D:4:      layout_cave_pools, nicolae_ru_the_path_less_chosen, fedhas_altar_4,
          minmay_temple_entry_butterflies, serial_glass, glass_columns_b,
          glass_columns_a
D:5:      lemuel_ratsnest, layout_cave_pools, serial_glass, glass_columns_b,
          glass_columns_a, hex_large
D:6:      layout_cave_pods, slow_altar_1, uniq_crazy_yiuf_cottage
D:7:      layout_basic, enter_bailey_2
D:8:      layout_loops_ring, lemuel_tele_altar,
          hellmonk_okawaru_the_only_friend_you_need, uniq_pikel
D:9:      layout_roguey
D:10:     minmay_the_grid_net [minmay_the_grid_embedded,
          minmay_the_grid_medium_cups, minmay_the_grid_zigzag_pyramid,
          minmay_the_grid_spikes, minmay_the_grid_doors,
          minmay_the_grid_prize_big_room], layout_loops_corners,
          lemuel_round_altar, david_orc_2, nicolae_take_the_stairs,
          minmay_joined_circles
Temple:   minmay_temple_bridge_abc
Lair:1:   gammafunk_indiana_jones, layout_gridlike
Lair:2:   layout_hall_layers, minmay_swamp_entry_wisps, gauntlet_entry_generic,
          st_stairs_13, serial_bayou_shore_a, grunt_megastairs_3, uniq_gastronok

Skill      XL: |  1  2  3  4  5  6  7  8  9 10 11 |
---------------+----------------------------------+-----
Spellcasting   | 4 5 8 |  8.1
Fire Magic     | 5 6 8 9 |  9.4
Translocations | 3 |  3.1
Conjurations   | 3 8 9 10 | 10.6
Hexes          | 8 10 | 10.4
Dodging        | 5 6 |  6.9
Ice Magic      | 5 |  5.1
Stealth        | |  2.4

Action                     |  1- 3 |  4- 6 |  7- 9 | 10-12 || total
---------------------------+-------+-------+-------+-------++-------
  Melee: Short sword       |       |       |     3 |       ||     3
         Flail             |       |       |       |     8 ||     8
         Rapier            |       |       |       |    16 ||    16
   Fire: Sling             |     9 |    20 |     8 |     7 ||    44
  Throw: Stone             |       |       |       |     3 ||     3
   Cast: Foxfire           |    58 |   126 |   113 |    34 ||   331
         Scorch            |     1 |    17 |    25 |    18 ||    61
         Volatile Blastmot |       |       |    21 |    16 ||    37
         Inner Flame       |       |       |     6 |     5 ||    11
         Fulminant Prism   |       |       |    14 |     3 ||    17
         Flame Wave        |       |       |       |    21 ||    21
         Blink             |       |       |       |     2 ||     2
         Frozen Ramparts   |       |       |       |     6 ||     6
         Stone Arrow       |       |       |       |     1 ||     1
  Evoke: Wand              |       |       |       |     4 ||     4
    Use: Scroll            |       |     1 |    10 |    12 ||    23
         Potion            |       |     1 |     4 |     5 ||    10
 Armour: Robe              |     3 |     7 |       |       ||    10
         Leather armour    |       |       |     2 |    22 ||    24
  Dodge: Dodged            |     8 |    17 |    40 |   107 ||   172

Table legend: (Time is in decaauts)
 A = Elapsed time spent in this place.
 B = Non-inter-level travel time spent in this place.
 C = Inter-level travel time spent in this place.
 D = Time resting spent in this place.
 E = Time spent auto-exploring this place.
 F = Levels seen in this place.
 G = Mean time per level.
                   A        B        C        D        E       F      G
               +--------+--------+--------+--------+--------+-----+--------+
         Total |  10312 |   9587 |    725 |   1522 |   2764 |  14 |  736.6 |
       Dungeon |   9142 |   8436 |    706 |   1209 |   2646 |  10 |  914.2 |
        Temple |    160 |    141 |     19 |      0 |    118 |   1 |  160.0 |
          Lair |    228 |    228 |      0 |     10 |      0 |   2 |  114.0 |
        Bailey |    781 |    781 |      0 |    303 |      0 |   1 |  781.0 |
               +--------+--------+--------+--------+--------+-----+--------+

Top non-repeatable levels by time:
     D:2: 1563 daAuts
     D:1: 1378 daAuts
     D:3: 1095 daAuts
     D:7: 942 daAuts
     D:8: 924 daAuts
     D:6: 917 daAuts
     D:9: 884 daAuts
  Bailey: 781 daAuts
     D:4: 596 daAuts
    D:10: 477 daAuts
     D:5: 363 daAuts
  Lair:1: 200 daAuts
  Temple: 160 daAuts
  Lair:2: 27 daAuts
